 Dungeon Crawl Stone Soup version 0.21.1-1-g345015f (webtiles) character file.

2 shakethe the Chiller (level 1, 0/13 HPs)
             Began as a Demonspawn Ice Elementalist on Feb 19, 2018.
             Slain by a leopard gecko (2 damage)
             ... on level 1 of the Dungeon.
             The game lasted 00:01:09 (74 turns).

shakethe the Chiller (Demonspawn Ice Elementalist)    Turns: 74, Time: 00:01:09

Health: 0/13       AC:  2    Str:  8    XL:     1   Next: 33%
Magic:  1/3        EV: 12    Int: 16    God:
Gold:   7          SH:  0    Dex: 13    Spells: 3/4 levels left

rFire    . . .     SeeInvis .   d - +0 club
rCold    . . .     Gourm    .   (no shield)
rNeg     . . .     Faith    .   a - +0 robe
rPois    .         Spirit   .   (no helmet)
rElec    .         Reflect  .   (no cloak)
rCorr    .         Harm     .   (no gloves)
MR       .....                  (no boots)
Stlth    ++........             (no amulet)
HPRegen  0.04/turn              (no ring)
MPRegen  0.08/turn              (no ring)

@: no status effects
A: no striking features
a: no special abilities


You were on level 1 of the Dungeon.
You were not hungry.

You visited 1 branch of the dungeon, and saw 1 of its levels.

You collected 7 gold pieces.

Inventory:

Hand Weapons
 d - a +0 club (weapon)
   (You took it off a hobgoblin on level 1 of the Dungeon)
Armour
 a - a +0 robe (worn)
Books
 b - a book of Frost
Comestibles
 c - a ration


   Skills:
 + Level 0.2 Fighting
 - Level 1.7 Dodging
 - Level 1.7 Stealth
 + Level 2.0 Spellcasting
   Level 1.0 Conjurations
 + Level 2.7 Ice Magic


You had 3 spell levels left.
You knew the following spells:

 Your Spells              Type           Power        Failure   Level  Hunger
a - Freeze                Ice            ##..         7%          1    #......


Dungeon Overview and Level Annotations

Branches:
Dungeon (1/15)

Altars:


Message History

Welcome, shakethe the Demonspawn Ice Elementalist.
The bosom of this dungeon contains the fabled artefact, the Orb of Zot.
Found an escape hatch in the floor.
Found a staircase leading out of the dungeon.
Unknown command.
You open the door.
A hobgoblin comes into view. It is wielding a club.
There is an open door here.
You can't see any susceptible monsters within range! (Use Z to cast anyway.)
You enter the shallow water.
Moving in this stuff is going to be slow.
The hobgoblin shouts!
Aim: a hobgoblin, wielding a club You freeze the hobgoblin.
The hobgoblin hits you with a club.
You take 2 damage, and have 11/13 hp.
You now have 2/3 mp.
Aim: a hobgoblin, wielding a club (severely wounded)
You freeze the hobgoblin.
You kill the hobgoblin!
You now have 1/3 mp.
d - a club You enter the shallow water.
Moving in this stuff is going to be slow.
There are no items here.
d - a +0 club (weapon)
You start resting.
Health restored: 13; MP restored: 3 You now have 7 gold pieces.
A kobold comes into view. It is wielding a short sword.
A kobold is nearby!
A goblin comes into view. It is wielding a dagger of holy wrath.
The goblin shouts!
The goblin moves out of view.
A bat comes into view.
A leopard gecko comes into view.
The bat barely misses you. The bat hits you but does no damage.
Aim: a bat You freeze the bat.
The bat hits you.
You take 1 damage, and have 12/13 hp.
You now have 2/3 mp.
The bat hits you but does no damage. The bat hits you but does no damage.
The bat hits you. x2
You take 2 damage, and have 10/13 hp.
Aim: a bat (heavily wounded)
You freeze the bat.
You kill the bat!
You now have 1/3 mp.
Aim: a goblin, wielding a dagger of holy wrath You freeze the goblin.
The goblin misses you.
You now have 0/3 mp.
You hit the goblin but do no damage.
The goblin hits you with a dagger of holy wrath.
You convulse.
The goblin hits you with a dagger of holy wrath.
* * * LOW HITPOINT WARNING * * *
You convulse.
* * * LOW HITPOINT WARNING * * *
You take 9 damage, and have 1/13 hp.
MASSIVE DAMAGE!!
The leopard gecko bites you.
You die...

#########
≈≈≈≈≈≈≈.#
#≈≈≈≈≈≈≈#####
≈≈≈≈≈≈..#.#
≈≈≈≈≈.gl@.#
#####≈...#.#
#...'≈...#.#
#.>.#≈...#.#
#.<.#≈≈.†#.#
#...#≈≈..#.#
#####≈≈..#.#
≈≈≈≈≈.....#
###≈≈...###


You could see a leopard gecko and a goblin.

Vanquished Creatures
  A bat (D:1)
  A hobgoblin (D:1)
2 creatures vanquished.

Notes
Turn   | Place    | Note
-------+----------+-------------------------------------------
     0 | D:1      | shakethe the Demonspawn Ice Elementalist began the quest for the Orb.
     0 | D:1      | Reached XP level 1. HP: 13/13 MP: 3/3
    69 | D:1      | HP: 2/13 [goblin/dagger of holy wrath (3)]
    74 | D:1      | Slain by a leopard gecko

Action                   || total
-------------------------++-------
Melee: Club              ||     1
 Cast: Freeze            ||     5
Armor: Robe              ||     3
Dodge: Dodged            ||     2

Vault maps used:
D:1:      minmay_arrival_floating_metal, minivault_4, st_stairs_5,
          minmay_hexomino_r4

Table legend:
 A = Turns spent in this place as a percentage of turns spent in the entire game.
 B = Non-inter-level travel turns spent in this place as a percentage of non-inter-level travel turns spent in the entire game.
 C = Inter-level travel turns spent in this place as a percentage of turns spent in this place.
 D = Turns resting spent in this place as a percentage of non-inter-level travel turns spent in this place.
 E = Turns spent auto-exploring this place as a percentage of non-inter-level travel turns spent in this place.
 F = Non-inter-level travel turns spent in this place divided by the number of levels of this place that you've seen.
                   A       B       C       D       E      F
               +-------+-------+-------+-------+-------+----------------------
         Total | 100.0 | 100.0 |   0.0 |  48.6 |   8.1 |  74.0
       Dungeon | 100.0 | 100.0 |   0.0 |  48.6 |   8.1 |  74.0
               +-------+-------+-------+-------+-------+----------------------

Table legend:
 A = Kills in this place as a percentage of kills in entire the game.
 B = Kills by you in this place as a percentage of kills by you in the entire game.
 C = Kills by friends in this place as a percentage of kills by friends in the entire game.
 D = Other kills in this place as a percentage of other kills in the entire game.
 E = Experience gained in this place as a percentage of experience gained in the entire game.
 F = Experience gained in this place divided by the number of levels of this place that you have seen.
                   A       B       C       D       E      F
               +-------+-------+-------+-------+-------+----------------------
         Total | 100.0 | 100.0 |   N/A |   N/A | 100.0 |   4.0
       Dungeon | 100.0 | 100.0 |   N/A |   N/A | 100.0 |   4.0
               +-------+-------+-------+-------+-------+----------------------
